 Dungeon Crawl Stone Soup version 0.20-a0-809-gaf7f668 (webtiles) character file.

477 Laan the Chopper (level 6, 0/47 HPs)
             Began as a Mummy Monk on Mar 3, 2017.
             Slain by a worker ant (3 damage)
             ... on level 4 of the Dungeon.
             The game lasted 00:09:36 (4688 turns).

Laan the Chopper (Mummy Monk)                       Turns: 4688, Time: 00:09:37

Health: 0/47       AC: 12    Str: 14    XL:     6   Next: 85%
Magic:  6/6        EV:  7    Int: 11    God:
Gold:   181        SH:  0    Dex: 15    Spells: 5/5 levels left

rFire    . . .     SeeInvis .   l - +1 war axe
rCold    + . .     Gourm    .   k - +3 chain mail {rF+}
rNeg     + + +     Faith    .   (no shield)
rPois    ∞         Spirit   .   b - +0 helmet
rElec    .         Reflect  .   (no cloak)
rCorr    .         Harm     .   (no gloves)
MR       .....                  (no boots)
Stlth    ..........             (no amulet)
Regen    0.2/turn               (no ring)
MPRegen  0.1/turn               (no ring)

@: no status effects
A: no food or potions, fire vulnerability, cold resistance 1, negative energy
resistance 3, torment resistance, unbreathing
a: no special abilities


You were on level 4 of the Dungeon.
You were not hungry.

You visited 1 branch of the dungeon, and saw 4 of its levels.

You collected 181 gold pieces.

Inventory:

Hand Weapons
 l - a +1 war axe (weapon)
Armour
 b - a +0 helmet (worn)
 k - a +3 chain mail of fire resistance (worn)
Jewellery
 c - an uncursed ring of fire
Wands
 m - a wand of confusion (30/48)
Scrolls
 d - 4 scrolls of magic mapping {unknown}
 f - 5 scrolls of identify
 g - 2 scrolls of teleportation {unknown}
 i - 2 scrolls of remove curse {unknown}
 j - 3 scrolls of recharging {unknown}
Books
 n - a book of Misfortune

   Spells                             Type                      Level
   a - Confusing Touch                Hexes                        1
   b - Confuse                        Hexes                        3
   c - Gell's Gravitas                Translocation                3
   d - Petrify                        Transmutation/Earth          4
   e - Metabolic Englaciation         Hexes/Ice                    5
   f - Yara's Violent Unravelling     Hexes/Transmutation          5


   Skills:
 - Level 3.0 Fighting
 + Level 6.5 Axes
 - Level 2.4 Dodging
 - Level 1.5 Stealth


You had 5 spell levels left.
You didn't know any spells.

Dungeon Overview and Level Annotations

Branches:
Dungeon (4/15)
 Temple: D:4-7

Altars:
Cheibriados


Innate Abilities, Weirdness & Mutations

You do not eat or drink.
Your flesh is vulnerable to fire.
You are immune to poison.
Your flesh is cold resistant. (rC+)
You are immune to negative energy. (rN+++)
You are immune to unholy pain and torment.
You can survive without breathing.


Message History

Something hits you but does no damage. The worker ant closely misses you.
The orc priest hits you with a mace.
* * * LOW HITPOINT WARNING * * *
As you read the scroll labeled UFAQOV YSK, it crumbles to dust.
It is a scroll of enchant armour.
Your +2 chain mail of fire resistance glows green for a moment.
Something hits you but does no damage.
The worker ant bites you but does no damage.
The orc priest closely misses you.
As you read the scroll labeled BESMI MUNWAJYO, it crumbles to dust.
It is a scroll of enchant weapon.
Your +0 war axe glows red for a moment.
The worker ant barely misses you. Something hits you but does no damage.
The orc priest hits you with a mace!
* * * LOW HITPOINT WARNING * * *
The worker ant barely misses you.
As you read the scroll labeled NUVEDU RAQAK, it crumbles to dust.
It is a scroll of amnesia.
You feel forgetful for a moment. Something completely misses you.
The worker ant bites you.
You die...

#####.# #.###......# #.##.#
###.##.......# #....#
#.#..........#
##....###..##........# ###
##..#..#....#........###
#.####........##..........#.##
##..#........###.........##..#
##.#....###...##.........#...#
#.###..####..@o#.......#..###.
#.###.......{a[......###.###..
####................####..# #..
##.#............).........####..
#....................####..##...
####.................# ##.##...
###................## #......
#.#................# ##..#...
#%#.........<......## #..#...#


You could see a worker ant and an orc priest.

Vanquished Creatures
  An ogre (D:4)
  A hound (D:4)
  2 orc wizards
  Ijyb (D:2)
  Jessica (D:2)
  Natasha (twice) (D:2)
  2 worker ants (D:4)
  Terence (D:3)
  5 adders
  3 dart slugs
  3 worms (D:2)
  5 leopard geckos
  14 orcs
  A ball python (D:1)
  8 giant cockroaches
  9 goblins
  6 hobgoblins
  7 jackals
  5 kobolds
  A quokka (D:2)
  9 bats
  5 frilled lizards
  13 rats
105 creatures vanquished.

Notes
Turn   | Place    | Note
-------+----------+-------------------------------------------
     0 | D:1      | Laan the Mummy Monk began the quest for the Orb.
     0 | D:1      | Reached XP level 1. HP: 18/18 MP: 1/1
   272 | D:1      | Reached XP level 2. HP: 24/24 MP: 2/2
   278 | D:1      | Reached skill level 3 in Axes
   780 | D:1      | Reached XP level 3. HP: 29/29 MP: 3/3
   988 | D:2      | Noticed Jessica
  1024 | D:2      | Killed Jessica
  1024 | D:2      | Reached skill level 4 in Axes
  1290 | D:2      | Reached XP level 4. HP: 33/35 MP: 4/4
  1349 | D:2      | Noticed Ijyb
  1381 | D:2      | Paralysed by Ijyb for 7 turns
  1392 | D:2      | Paralysed by Ijyb for 3 turns
  1398 | D:2      | Paralysed by Ijyb for 3 turns
  1411 | D:2      | Killed Ijyb
  1699 | D:2      | Noticed Natasha
  1715 | D:2      | Killed Natasha
  1949 | D:2      | Reached XP level 5. HP: 41/41 MP: 5/5
  2337 | D:2      | Reached skill level 5 in Axes
  2691 | D:2      | Noticed Natasha
  2705 | D:2      | Killed Natasha
  3462 | D:3      | Found a snail-covered altar of Cheibriados.
  3486 | D:3      | Noticed Terence
  3510 | D:3      | Killed Terence
  3683 | D:3      | Reached XP level 6. HP: 39/47 MP: 6/6
  4299 | D:4      | Reached skill level 6 in Axes
  4609 | D:4      | Got a pitted golden amulet
  4610 | D:4      | Identified the amulet of Hialaab {Harm *Drain Dex+4} (You found it on level 4 of the Dungeon)
  4688 | D:4      | Slain by a worker ant

Vault maps used:
D:1:      roderic_octagonal_star
D:2:      first_bread, solitary_fountain, uniq_iyjb, uniq_jessica, uniq_natasha
D:3:      hangedman_abyss_or_decor_lesser_grid, cheibriados_altar_1,
          uniq_terence
D:4:      minitemple, minmay_temple_entry_from_below_b, chequers_big_river

Skill      XL: |  1  2  3  4  5  6 |
---------------+-------------------+-----
Axes           | 3 4 5 6 |  6.5
Fighting       | |  3.0
Dodging        | |  2.4
Stealth        | |  1.5

Action                   |  1- 3 |  4- 6 || total
-------------------------+-------+-------++-------
Melee: Hand axe          |   125 |   343 ||   468
       War axe           |       |    50 ||    50
Evoke: Wand              |       |     2 ||     2
  Use: Scroll            |       |     5 ||     5
 Stab: Sleeping          |     1 |       ||     1
Armor: Scale mail        |    52 |    92 ||   144
       Chain mail        |       |   122 ||   122
Dodge: Dodged            |    72 |   176 ||   248
